 Dungeon Crawl Stone Soup version 0.18.1-48-g4cf74bf (webtiles) character file.

890 Heedrag the Thaumaturge (level 7, -3/36 HPs)
             Began as a Deep Elf Conjurer on July 24, 2016.
             Killed by divine providence
             ... invoked by an orc priest
              (13 damage)
             ... on level 5 of the Dungeon.
             The game lasted 00:09:42 (4069 turns).

Heedrag the Thaumaturge (Deep Elf Conjurer)         Turns: 4069, Time: 00:09:43

Health: -3/36      AC:  2    Str:  7    XL:     7   Next: 77%
Magic:  3/24       EV: 13    Int: 20    God:
Gold:   208        SH:  0    Dex: 21    Spells: 3 memorised, 21 levels left

rFire  . . .     SeeInvis .     l - +0 short sword (flame)
rCold  . . .     Gourm    .     a - +0 robe
rNeg   . . .     Faith    .     (no shield)
rPois  .         Spirit   .     (no helmet)
rElec  .         Dismiss  .     (no cloak)
rCorr  .         Reflect  .     (no gloves)
SustAt .         Harm     .     (no boots)
MR     .....                    (no amulet)
Stlth  ++........               (no ring)
                                r - +6 ring of dexterity

@: not resistant to hostile enchantments, unstealthy
A: no striking features
a: no special abilities


You were on level 5 of the Dungeon.
You were not hungry.

You visited 1 branch of the dungeon, and saw 5 of its levels.

You collected 208 gold pieces.

Inventory:

Hand Weapons
 l - a +0 short sword of flaming (weapon)
Armour
 a - a +0 robe (worn)
 t - a +0 buckler
Jewellery
 r - a +6 ring of dexterity (left hand)
Scrolls
 f - a scroll of random uselessness {unknown}
 h - 2 scrolls of amnesia {unknown}
 k - a scroll of magic mapping {unknown}
 m - 4 scrolls of identify {unknown}
 n - a scroll of blinking {unknown}
 p - 3 scrolls of remove curse {unknown}
 q - 2 scrolls of enchant armour {unknown}
 w - a scroll of teleportation {unknown}
 y - a scroll of noise {unknown}
Potions
 d - 3 potions of heal wounds {unknown}
 e - a potion of brilliance {unknown}
 i - 4 potions of curing {unknown}
 j - 2 potions of lignification {unknown}
 s - a potion of berserk rage {unknown}
 u - 4 potions of haste {unknown}
 x - a potion of cancellation {unknown}
Books
 b - a book of Conjurations

   Spells                             Type                      Level
   a - Magic Dart                     Conjuration                  1
   b - Searing Ray                    Conjuration                  2
   c - Dazzling Spray                 Conjuration/Hexes            3
   d - Fulminant Prism                Conjuration/Hexes            4
   e - Iskenderun's Mystic Blast      Conjuration                  4
   f - Iskenderun's Battlesphere      Conjuration/Charms           5
Comestibles
 c - 4 bread rations
 g - 3 meat rations
 o - a slice of pizza
 v - a beef jerky
 z - 3 chunks of flesh


   Skills:
 - Level 2.4 Dodging
 - Level 2.4 Stealth
 * Level 11.7 Spellcasting
 - Level 4.3 Conjurations


You had 21 spell levels left.
You knew the following spells:

 Your Spells              Type           Power        Failure   Level  Hunger
a - Magic Dart            Conj           ####         1%          1    None
b - Dazzling Spray        Conj/Hex       ###...       10%         3    None
c - Iskenderun's Mystic   Conj           ####....     12%         4    #......


Dungeon Overview and Level Annotations

Branches:
Dungeon (5/15)             Temple (0/1) D:5

Altars:
Cheibriados
Kikubaaqudgha

Annotations:
D:2 druid, 1 exclusion, Sigmund


Message History

Tha orc priest be lightly wounded.
Castin': Magic Dart Confirm wit' . or Enter, or press ? or * ta list all spells.
Aimin': Magic Dart
Press: ? - help, Shift-Dir - straight line, f/p - orc priest
Aim: an orc priest, wieldin' a mace an' wearin' a rin' mail (lightly wounded) Tha magic dart hits tha orc priest.
Tha orc priest be moderately wounded.
Castin': Magic Dart Confirm wit' . or Enter, or press ? or * ta list all spells.
Aimin': Magic Dart
Press: ? - help, Shift-Dir - straight line, f/p - orc priest
Aim: an orc priest, wieldin' a mace an' wearin' a rin' mail (moderately wounded) Tha magic dart hits tha orc priest.
Tha orc priest be severely wounded.
Tha orc priest misses ye.
Tha hound barely misses ye.
Tha orc priest mumbles some strange prayers ta Beogh against ye.
Beogh smites ye!
Ye die...

........#########....#...#
.....................#.#.#..
[....................#.#.#.#
.....................#.#.#?#
.....................#.#.#.#
....#######..........#.#.#.#
.... .....######.#รท#.#.#
..# #######.########...#..
.. .......h.@.........#
#####..o############
......). ......+
.......)########.. ......))#
.... ........# ....
#+...>..# .... #....... .#.


You could see a hound and an orc priest.

Vanquished Creatures
  3 ogres
  A scorpion (D:4)
  2 howler monkeys
  A crimson imp (D:5)
  4 orc priests
  A hound (D:4)
  An iguana (D:5)
  Natasha (thrice) (D:3)
  A worker ant (D:4)
  An orc wizard (D:4)
  A killer bee zombie (D:5)
  A howler monkey skeleton (D:4)
  5 adders
  An ooze (D:2)
  A dart slug (D:4)
  3 giant geckos
  23 orcs
  4 giant cockroaches
  6 goblins
  5 hobgoblins
  5 jackals
  6 kobolds
  3 quokkas
  5 bats
  2 giant gecko skeletons (D:4)
  4 giant newts
  8 rats
101 creatures vanquished.

Notes
Turn   | Place    | Note
--------------------------------------------------------------
     0 | D:1      | Heedrag the Deep Elf Conjurer began the quest for the Orb.
     0 | D:1      | Reached XP level 1. HP: 10/10 MP: 6/6
   176 | D:1      | Reached XP level 2. HP: 15/15 MP: 4/8
   214 | D:1      | Reached skill level 4 in Spellcasting
   642 | D:2      | Reached skill level 5 in Spellcasting
   642 | D:2      | Reached XP level 3. HP: 19/19 MP: 6/11
   647 | D:2      | Learned a level 3 spell: Dazzling Spray
   865 | D:2      | Found a faded altar to an unknown god.
   913 | D:2      | Noticed Sigmund
  1670 | D:3      | Noticed Natasha
  1678 | D:3      | Killed Natasha
  1678 | D:3      | Reached skill level 6 in Spellcasting
  1678 | D:3      | Reached XP level 4. HP: 13/24 MP: 3/14
  1737 | D:3      | Noticed Natasha
  1743 | D:3      | Killed Natasha
  2028 | D:3      | Noticed Natasha
  2032 | D:3      | Killed Natasha
  2032 | D:3      | Reached skill level 7 in Spellcasting
  2032 | D:3      | Reached XP level 5. HP: 28/28 MP: 9/16
  2052 | D:3      | Found an ancient bone altar of Kikubaaqudgha.
  2439 | D:3      | Learned a level 4 spell: Iskenderun's Mystic Blast
  2951 | D:4      | Noticed an ogre
  2958 | D:4      | Killed an ogre
  2958 | D:4      | Reached skill level 8 in Spellcasting
  2958 | D:4      | Reached XP level 6. HP: 32/32 MP: 7/19
  3120 | D:4      | Reached skill level 9 in Spellcasting
  3130 | D:4      | Found a snail-covered altar of Cheibriados.
  3386 | D:4      | Reached skill level 10 in Spellcasting
  3433 | D:4      | Reached XP level 7. HP: 36/36 MP: 11/22
  3684 | D:5      | Entered Level 5 of the Dungeon
  3812 | D:5      | Reached skill level 11 in Spellcasting
  3908 | D:5      | Found a staircase to the Ecumenical Temple.
  4069 | D:5      | Killed from afar by an orc priest

Skill      XL: |  1  2  3  4  5  6  7 |
---------------+----------------------+-----
Spellcasting   | 5 6 7 8 10 11 | 11.7
Dodging        | |  2.4
Stealth        | |  2.4
Conjurations   | |  4.3

Action                   |  1- 3 |  4- 6 |  7- 9 || total
-------------------------+-------+-------+-------++-------
Melee: Short sword       |     1 |     5 |       ||     6
 Cast: Magic Dart        |    84 |   111 |    33 ||   228
       Dazzling Spray    |       |     9 |    19 ||    28
  Eat: Chunk             |     2 |     5 |     2 ||     9
Armor: Robe              |     3 |     2 |       ||     5
Dodge: Dodged            |     6 |    27 |     8 ||    41
